 Dungeon Crawl Stone Soup version 0.31.0-11-ge490571c62 (webtiles) character file.

Game seed: 9421576085909073558

5 qw the Shooter (level 1, -1/10 HPs)
             Began as a Spriggan Hunter on Feb 5, 2024.
             Slain by a goblin
             ... wielding a +0 dagger
              (4 damage)
             ... on level 1 of the Dungeon.
             The game lasted 00:00:03 (129 turns).

qw the Shooter (Spriggan Hunter)                     Turns: 129, Time: 00:00:03

Health: -1/10      AC:  2    Str:  7    XL:     1   Next: 66%
Magic:  2/2        EV: 18    Int: 10    God:
Gold:   9          SH:  0    Dex: 18    Spells: 0/0 levels left

rFire   . . .        a - +0 shortbow
rCold   . . .        (shield currently unavailable)
rNeg    . . .        c - +0 robe
rPois   .            (helmet restricted)
rElec   .            (no cloak)
rCorr   .            (gloves unavailable)
SInv    +            (boots unavailable)
Will    .....        (no amulet)
Stlth   ++           (no ring)
HPRegen 0.21/turn    (no ring)
MPRegen 0.08/turn

%: no passive effects
@: very quick
A: very small, no large weapons, unfitting armour, see invisible, speed 3
a: no special abilities


You were on level 1 of the Dungeon.
You visited 1 branch of the dungeon, and saw 1 of its levels.

You collected 9 gold pieces.


Innate Abilities, Weirdness & Mutations

You are very small and have problems with some larger weapons.
You are too small for most types of armour.
You have supernaturally acute eyesight. (SInv)
You cover ground extremely quickly. (Speed+++)


   Skills:
 - Level 1.5 Fighting
 - Level 4.0 Ranged Weapons
 + Level 3.4 Dodging
 - Level 1.5 Stealth


You couldn't memorise any spells.
You didn't know any spells.
Your spell library was empty.

Inventory:

Hand Weapons
 a - a +0 shortbow (weapon)
Armour
 c - a +0 robe (worn)
Scrolls
 b - a scroll of butterflies

Dungeon Overview and Level Annotations

Branches:
Dungeon (1/15)

Altars:


Message History

You shoot an arrow.
The arrow hits the endoplasm but does no damage.
The endoplasm is lightly wounded.
You shoot an arrow. The arrow hits the endoplasm.
The endoplasm is severely wounded.
You shoot an arrow. The arrow hits the endoplasm.
You kill the endoplasm!
Found a spear.
A kobold comes into view. It is wielding a +0 dagger.
The kobold shouts!
You hear a shout!
You hear an angry hiss.
A kobold comes into view. It is wielding a +0 short sword.
You see here 12 gold pieces.
You shoot an arrow. The arrow closely misses the kobold.
The kobold shouts!
You shoot an arrow. The arrow closely misses the kobold.
A goblin comes into view. It is wielding a +0 dagger.
You shoot an arrow. The arrow barely misses the kobold.
A ball python comes into view.
You shoot an arrow. The arrow barely misses the kobold.
The arrow barely misses the ball python.
You shoot an arrow. The arrow closely misses the kobold.
The kobold closely misses you.
You shoot an arrow. The arrow barely misses the kobold.
The kobold hits you with a +0 short sword.
The kobold misses you.
You shoot an arrow. The arrow hits the kobold.
The kobold is moderately wounded.
The goblin hits you but does no damage. The kobold hits you with a +0 dagger.
The kobold closely misses you.
You shoot an arrow. The arrow hits the kobold.
You kill the kobold!
The ball python bites you but does no damage.
The ball python barely misses you. The goblin hits you with a +0 dagger.
The kobold closely misses you.
You shoot an arrow. The arrow hits the ball python.
You kill the ball python!
The goblin closely misses you. The kobold misses you.
You shoot an arrow. The arrow closely misses the goblin.
The goblin hits you with a +0 dagger.
You die...

##.####... ...
###########.......# ##.
#.....#......###### #.
..........)..## #.
..............# #####.
..............# ##...#'
..............# #.....#
..............# #.....#
......K@........ #.....#
......g)%.....#####...#'
......#.......# #####.
..............# ###.....
..............# #.......
.#.#.#....).... ........
...#........... #.......
.. ......##.. #.......
..######


You could see a goblin and a kobold.

Vanquished Creatures
  A ball python (D:1)
  2 endoplasms (D:1)
  2 kobolds (D:1)
5 creatures vanquished.

Notes
Turn   | Place    | Note
-------+----------+-------------------------------------------
     0 | D:1      | qw the Spriggan Hunter began the quest for the Orb.
     0 | D:1      | Reached XP level 1. HP: 10/10 MP: 2/2
     0 | D:1      | 0 ||| qw: Version: 0.3-a-160-g6735b56
     0 | D:1      | 0 ||| qw: Game counter: 6414
     0 | D:1      | 0 ||| qw: Melee chars always use a shield: true
     0 | D:1      | 0 ||| qw: God list: Okawaru
     0 | D:1      | 0 ||| qw: Allow faded altars: false
     0 | D:1      | 0 ||| qw: Do Orc after clearing Dungeon:15 true
     0 | D:1      | 0 ||| qw: Do second Lair branch before Depths: true
     0 | D:1      | 0 ||| qw: Lair rune preference: random
     0 | D:1      | 0 ||| qw: Goals: Normal
     0 | D:1      | 0 ||| PLANNING D:1-11
    99 | D:1      | Reached skill level 3 in Dodging
   127 | D:1      | HP: 2/10 [goblin/+0 dagger (3)]
   129 | D:1      | Slain by a goblin

Levels and vault maps discovered:
D:1:      noname_arrival_rooms_in_the_neighbourhood, layout_rooms,
          chequers_ecumenical_altar_island

Skill      XL: |  1 |
---------------+----+-----
Dodging        | 3 |  3.4
Fighting       | |  1.5
Ranged Weapons | |  4.0
Stealth        | |  1.5

Action                     || total
---------------------------++-------
   Fire: Shortbow          ||    18
 Armour: Robe              ||     6
  Dodge: Dodged            ||     7

Table legend:
 A = Non-vault XP
 B = Vault XP
 C = Vault XP percentage of total XP
 D = Non-vault monster count
 E = Vault monster count
 F = Vault count percentage of total count
                 A         B        C        D         E       F
            +---------+---------+-------+---------+---------+-------
      Total |       8 |       0 |   0.0 |       5 |       0 |   0.0
            +---------+---------+-------+---------+---------+-------
        D:1 |       8 |       0 |   0.0 |       5 |       0 |   0.0
            +---------+---------+-------+---------+---------+-------
